 Dungeon Crawl Stone Soup version 0.29-a0-997-gf6f7e2dfe7 (webtiles) character file.

Game seed: 10090691476070009381

207 quixfox the Digger (level 5, -4/28 HPs)
             Began as a Gargoyle Earth Elementalist on Aug 4, 2022.
             Slain by an orc
             ... wielding a +1 trident of distortion
              (14 damage)
             ... on level 4 of the Dungeon.
             The game lasted 00:09:29 (3677 turns).

quixfox the Digger (Gargoyle Earth Elementalist)    Turns: 3677, Time: 00:09:30

Health: -4/28      AC:  7    Str: 12    XL:     5   Next: 85%
Magic:  7/10       EV: 12    Int: 17    God:
Gold:   82         SH:  5    Dex: 10    Spells: 5/11 levels left

rFire   . . .      SeeInvis .   n - +2 dagger (protect)
rCold   . . .      Faith    .   (no shield)
rNeg    + . .      Spirit   .   a - +0 robe
rPois   ∞          Reflect  +   (no helmet)
rElec   +          Harm     .   (no cloak)
rCorr   .          Rampage  .   (no gloves)
Will    .....                   v - +0 pair of boots
Stlth   ++........              e - amulet of reflection
HPRegen 0.09/turn               (no ring)
MPRegen 0.12/turn               (no ring)

@: no status effects
A: sickness immunity, AC +4, negative energy resistance 1, electricity
resistance, torment resistance 1, petrification resistance
a: no special abilities


You were on level 4 of the Dungeon.
You visited 1 branch of the dungeon, and saw 4 of its levels.

You collected 82 gold pieces.

Inventory:

Hand Weapons
 n - a +2 dagger of protection (weapon)
Armour
 a - a +0 robe (worn)
 v - a +0 pair of boots (worn)
Jewellery
 e - an amulet of reflection (around neck)
Scrolls
 c - a scroll of fear
 g - a scroll of blinking {unknown}
 h - a scroll of identify {unknown}
 i - a scroll of summoning
 p - a scroll of acquirement {unknown}
 q - a scroll of teleportation {unknown}
 s - a scroll of poison {unknown}
 t - a scroll of noise {unknown}
Potions
 b - a potion of magic
 d - 3 potions of heal wounds {unknown}
 f - a potion of ambrosia {unknown}
 j - 3 potions of brilliance {unknown}
 k - 2 potions of attraction {unknown}
 l - 3 potions of berserk rage {unknown}
 m - a potion of invisibility {unknown}
 o - 4 potions of curing {unknown}
 r - a potion of flight {unknown}
 u - a potion of resistance {unknown}


   Skills:
 - Level 1.7 Dodging
 - Level 2.4 Stealth
 + Level 3.7 Spellcasting
 + Level 1.8 Conjurations
 - Level 1.0 Transmutations
 + Level 5.5 Earth Magic


You had 5 spell levels left.
You knew the following spells:

 Your Spells              Type           Power      Damage    Failure   Level
a - Sandblast             Erth           44%        2d11      1%          1
b - Passwall              Tmut/Erth      11%        N/A       6%          2
c - Stone Arrow           Conj/Erth      30%        3d8       11%         3

Your spell library contained the following spells:

 Spells                   Type           Power      Damage    Failure   Level
 Shock                    Conj/Air       24%        1d4       11%         1
 Dazzling Flash           Conj/Hex       12%        N/A       32%         3
 Petrify                  Tmut/Erth      14%        N/A       38%         4
 Agony                    Necr           3%         N/A       99%         5
 Silence                  Hex/Air        1%         N/A       99%         5


Dungeon Overview and Level Annotations

Branches:
Dungeon (4/15)
 Temple: D:4-7

Altars:

Shops:
D:4 (


Innate Abilities, Weirdness & Mutations

You are immune to sickness and miasma.
Your stone body is resilient. (AC +4)
You are immune to poison.
You resist negative energy. (rN+)
You are resistant to electric shocks. (rElec)
You are resistant to unholy torment.
You are immune to petrification.


Message History

An orc comes into view. It is wielding a +0 club.
The orc shouts!
You hear a shout! x2
An orc comes into view.
It is wielding a +1 trident of distortion.
Aiming: Sandblast (safe; 1% risk of failure)
Press: ? - help, Q - select action, (/) - cycle Shift-Dir - straight line, f - orc
Aim: an orc, wielding a +0 dagger (83% to hit)
The blast of sand hits the orc!
You kill the orc!
Aiming: Sandblast (safe; 1% risk of failure)
Press: ? - help, Q - select action, (/) - cycle Shift-Dir - straight line, f - you That would be overly suicidal.
Okay, then.
Aiming: Sandblast (safe; 1% risk of failure)
Press: ? - help, Q - select action, (/) - cycle Shift-Dir - straight line, f - you
Okay, then.
Aiming: Sandblast (safe; 1% risk of failure)
Press: ? - help, Q - select action, (/) - cycle Shift-Dir - straight line, f - orc
Aim: an orc, wielding a +1 trident of distortion and wearing a +0 chain mail (87% to hit)
The blast of sand hits the orc but does no damage.
Aiming: Sandblast (safe; 1% risk of failure)
Press: ? - help, Q - select action, (/) - cycle Shift-Dir - straight line, f/p - orc
Aim: an orc, wielding a +1 trident of distortion and wearing a +0 chain mail (87% to hit)
The blast of sand hits the orc.
The orc is moderately wounded.
The orc closely misses you.
The orc hits you from afar with a +1 trident of distortion.
Space warps horribly around you!
Ouch! That really hurt!
Aiming: Sandblast (safe; 1% risk of failure)
Press: ? - help, Q - select action, (/) - cycle Shift-Dir - straight line, f/p - orc
Aim: an orc, wielding a +1 trident of distortion and wearing a +0 chain mail (moderately wounded, 87% to hit)
The blast of sand hits the orc but does no damage.
The orc is moderately wounded.
The orc shouts!
You hear a shout!
An orc priest comes into view. It is wielding a +0 flail.
An orc wizard comes into view. It is wielding a +0 dagger.
The orc hits you but does no damage. Space warps horribly around you!
Ouch! That really hurt!
You die...

.....#........#... #...#..# ..
#....).oo.... #...#...
....#.......##... #...##.#
....##..o....#... #...##.. .
#.[.............. #... ##. .#####
#................ .... #. .....#
........o#....######## #.
.....######...÷..#..###......#+#.
.........##.....@#..###..........
.........##......................
.........##.............#........
........................#........
.................#......#........
.......#...#######..)...#........
.......#......# #......##.[.....
#.............# #.....###.......
..............# #.....###.......


You could see an orc priest (wandering), an orc wizard and 2 orcs.

Vanquished Creatures
  An iguana (D:4)
  2 orc wizards (D:4)
  4 adders
  3 dart slugs
  12 orcs
  9 endoplasms
  3 giant cockroaches
  9 goblins
  5 hobgoblins
  9 jackals
  A quokka (D:1)
  4 ball pythons
  3 bats
  3 frilled lizards
  3 kobolds
  6 rats
77 creatures vanquished.

Vanquished Creatures (others)
  A fungus (D:3)
  2 plants (D:3)
3 creatures vanquished.

Grand Total: 80 creatures vanquished

Notes
Turn   | Place    | Note
-------+----------+-------------------------------------------
     0 | D:1      | quixfox the Gargoyle Earth Elementalist began the quest for
                  | the Orb.
     0 | D:1      | Reached XP level 1. HP: 10/10 MP: 3/3
   170 | D:1      | Reached skill level 1 in Transmutations
   170 | D:1      | Reached XP level 2. HP: 15/15 MP: 1/5
   370 | D:1      | Reached skill level 4 in Earth Magic
   763 | D:1      | Reached XP level 3. HP: 19/19 MP: 4/6
  1341 | D:2      | Reached XP level 4. HP: 24/24 MP: 3/8
  2640 | D:3      | Reached skill level 5 in Earth Magic
  2697 | D:3      | Found a faded altar of an unknown god.
  2701 | D:3      | Got Plato's Handbook of Outbursts
  2750 | D:3      | Learned a level 2 spell: Passwall
  2754 | D:3      | Learned a level 3 spell: Stone Arrow
  3086 | D:4      | Reached skill level 1 in Conjurations
  3086 | D:4      | Reached XP level 5. HP: 19/28 MP: 3/10
  3647 | D:4      | Found Quapn's Antique Weapon Shoppe.
  3677 | D:4      | Slain by an orc

Illustrated notes

Levels and vault maps discovered:
D:1:      lightli_arrival_boilingwater, layout_loops_ring, feat_on_display
D:2:      layout_basic
D:3:      layout_basic, shapermc_ecumenical_altar_rom_forum
D:4:      layout_basic, serial_shops, shop, uniq_grinder

Skill      XL: |  1  2  3  4 |
---------------+-------------+-----
Transmutations | 1 |  1.0
Earth Magic    | 4 5 |  5.5
Spellcasting   | 3 |  3.7
Conjurations   | 1 |  1.8
Dodging        | |  1.7
Stealth        | |  2.4

Action                   |  1- 3 |  4- 6 || total
-------------------------+-------+-------++-------
Melee: Dagger            |    11 |     4 ||    15
 Cast: Sandblast         |    54 |    69 ||   123
  Use: Scroll            |       |     2 ||     2
Armor: Robe              |    14 |    10 ||    24
Dodge: Dodged            |    28 |    14 ||    42
Block: Other             |     4 |     3 ||     7
       Reflection        |     2 |       ||     2

Table legend: (Time is in decaauts)
 A = Elapsed time spent in this place.
 B = Non-inter-level travel time spent in this place.
 C = Inter-level travel time spent in this place.
 D = Time resting spent in this place.
 E = Time spent auto-exploring this place.
 F = Levels seen in this place.
 G = Mean time per level.
                   A        B        C        D        E       F      G
               +--------+--------+--------+--------+--------+-----+--------+
         Total |   3804 |   3721 |     83 |    907 |   1927 |   4 |  951.0 |
       Dungeon |   3804 |   3721 |     83 |    907 |   1927 |   4 |  951.0 |
               +--------+--------+--------+--------+--------+-----+--------+

Top non-repeatable levels by time:
     D:3: 1128 daAuts
     D:1: 1021 daAuts
     D:4: 872 daAuts
     D:2: 781 daAuts
